Get step-by-step instructions on how to execute this build order below. Start the game timer, and the build order will tick by so you can play in parallel with StarCraft on a second screen or mobile device.

Game Time

  0:00

Last Step

  N/A

Next Step

Upcoming Step



Don't want to look back and forth between 2 screens? Try out our Overwolf App, the Spawning Tool Build Advisor to get an in-game overlay with this build!

Complete Build Order

  14  0:17  Supply Depot  
  16  0:38  Barracks  
  16  0:44  Refinery  
  19  1:28  Reaper  
  19  1:29  Orbital Command  
  19  1:44  Command Center  
  19  1:50  Supply Depot  
  20  2:00  Marine  
  23  2:18  Barracks Reactor, Factory  
  27  2:54  Marine x2  
  27  2:55  Orbital Command  
  27  3:01  Factory Tech Lab, Starport